 Dungeon Crawl Stone Soup version bcrawl-1.28.1b (webtiles) character file.

Game seed: 15362883327777281423

326780 Morbidden the Thaumaturge (level 10, 0/86 HPs)
             Began as a Djinni Reaver on Dec 25, 2020.
             Was a Priest of Vehumet.
             Slain by a death scarab (4 damage)
             ... in a Gauntlet.
             The game lasted 00:20:10 (8940 turns).

Morbidden the Thaumaturge (Djinni Reaver)           Turns: 8940, Time: 00:20:10

Health: 0/86       AC: 12    Str: 13    XL:     10   Next: 70%
Magic:  34/34      EV: 17    Int: 23    God:    Vehumet [***...]
Gold:   425        SH:  0    Dex: 20    Spells: 20/32 levels left

rFire    . . .     SeeInvis .   f - +2 short sword (venom)
rCold    . . .     Gourm    .   (no shield)
rNeg     . . .     Faith    .   b - +5 steam dragon scales
rPois    .         Spirit   .   (no helmet)
rElec    .         Reflect  .   C - +0 cloak
rCorr    +         Harm     .   (no gloves)
MR       +....     Rnd*Rage +   (boots unavailable) Stlth ++........NoTele +
                                H - amulet of Qudukah {RegenMP Dex+6}
HPRegen  0.24/turn              J - ring of Ojyx {rCorr Int+2 Dex+5} (curse)
MPRegen  0.49/turn              B - ring of magical power

@: flying, hasted and slowed
A: never pass out, berserk 2, blink, blurry vision 2, wild magic 3, MP-powered
wands, floating
a: Blink, Renounce Religion


You were in a Gauntlet.
You worshipped Vehumet.
Vehumet was most pleased with you.
You were not hungry.

You visited 2 branches of the dungeon, and saw 8 of its levels.
You also visited: Gauntlet.

You collected 649 gold pieces.
You spent 224 gold pieces at shops.

Inventory:

Hand Weapons
 a - a +0 long sword
 f - a +2 short sword of venom (weapon)
 n - a +1 dagger of draining
Armour
 b - +5 steam dragon scales (worn)
 C - a +0 cloak (worn)
 K - the cursed +0 hat of Resilience {rF+ rC- rCorr Str+3, unknown}
   (You found it in a Gauntlet)

   It affects your strength (+3).
   It protects you from fire.
   It makes you vulnerable to cold.
   It provides partial protection from all sources of acid and corrosion.
   It has a curse placed upon it.
Jewellery
 u - the ring "Honol" {Fire Str+2}
   (You found it on level 5 of the Dungeon)

   [ring of fire]

   It enhances your fire magic.
   It affects your strength (+2).
   It protects you from fire.
   It makes you vulnerable to cold.
 B - a ring of magical power (right hand)
 H - the amulet of Qudukah (around neck) {RegenMP Dex+6}
   (You took it off an orc on level 7 of the Dungeon)

   [amulet of magic regeneration]

   It increases your magic regeneration.
   It affects your dexterity (+6).
 J - the cursed ring of Ojyx (left hand) {rCorr Int+2 Dex+5}
   (You found it in a Gauntlet)

   [ring of resist corrosion]

   It affects your intelligence (+2).
   It affects your dexterity (+5).
   It provides partial protection from all sources of acid and corrosion.
   It has a curse placed upon it.
Wands
 k - a wand of flame (7)
 q - a wand of acid (6)
 t - a wand of random effects (4)
 v - a wand of digging (6)
 A - a wand of scattershot (5)
 F - a wand of polymorph (28)
Scrolls
 d - 4 scrolls of immolation
 g - 2 scrolls of teleportation
 h - a scroll of fear
 i - 6 scrolls of remove curse
 y - 2 scrolls of noise
 z - 3 scrolls of enchant armour
Potions
 c - 4 potions of haste
 j - a potion of degeneration {unknown}
 l - 2 potions of flight {unknown}
 m - 5 potions of agility
 o - a potion of resistance {unknown}
 p - 4 potions of lignification
 s - 5 potions of curing
 w - 3 potions of mutation
 x - a potion of berserk rage
 D - a potion of magic
 E - a potion of ambrosia {unknown}
 G - a potion of brilliance {unknown}
 I - a potion of heal wounds
Miscellaneous
 r - a box of beasts
Comestibles
 e - 22 rations {!d}


   Skills:
 * Level 7.0 Fighting
 + Level 2.6(3.8) Short Blades
 + Level 4.6(5.0) Long Blades
 * Level 4.6 Armour
 * Level 6.5 Dodging
 + Level 1.2 Stealth
 + Level 0.2 Unarmed Combat
 * Level 11.8 Spellcasting
 * Level 6.1 Conjurations
 * Level 1.3 Charms
 * Level 2.1 Transmutations
 + Level 4.7 Ice Magic
 * Level 1.8 Poison Magic
 + Level 0.2 Evocations


You had 20 spell levels left.
You knew the following spells:

 Your Spells              Type           Power        Failure   Level  Hunger
a - Throw Icicle          Conj/Ice       ######..     4%          4    None
b - Freeze                Ice            ######       1%          1    None
c - Spider Form           Tmut/Pois      ###          21%         3    None
d - Magic Dart            Conj           ####         1%          1    None
e - Ozocubu's Armour      Chrm/Ice       ######..     16%         3    None

Your spell library contained the following spells:

 Spells                   Type           Power        Failure   Level  Hunger
 Throw Frost              Conj/Ice       ######       1%          2    None
 Conjure Flame            Conj/Fire      ######..     4%          3    None
 Mephitic Cloud           Conj/Pois/Air  #####...     4%          3    None
 Ensorcelled Hibernation  Hex/Ice        #####.       12%         2    None
 Dazzling Orbs            Conj/Hex       ######.      16%         3    None
 Corona                   Hex            ####...      17%         1    None
 Iskenderun's Battlesphe  Conj/Chrm      ######..     17%         5    ###....
 Blink                    Tloc           N/A          22%         2    None
 Call Imp                 Summ           ####..       22%         2    None
 Ice Form                 Ice/Tmut       ######..     30%         4    None
 Confuse                  Hex            ####....     36%         3    None
 Tukima's Dance           Hex            ####....     36%         3    None
 Summon Ice Beast         Ice/Summ       #####...     41%         4    None


Dungeon Overview and Level Annotations

Branches:
Dungeon (7/12)             Temple (0/1) D:4            Lair (1/6) D:7

Altars:
Trog

Shops:
D:6 !

Annotations:
D:7 2 transporters, pheathergobbo575's ghost, novice CeFi
Lair:1 exclusion: oklob plant Gauntlet 13 transporters, exclusion: obsidian statue


Innate Abilities, Weirdness & Mutations

You never pass out after going berserk.
You often lose your temper in combat.
You can translocate small distances at will.
Scrolls take you longer to read.
Your spells are much harder to cast, but much more powerful.
You expend magic power (3 MP) to strengthen your wands.
Your body floats in the air.


Message History

The death scarab draws strength from your injuries!
The death scarab bites you!! The death scarab drains your vigour!
You feel yourself slow down.
The death scarab draws strength from your injuries!
The death scarab bites you!
* * * LOW HITPOINT WARNING * * *
The death scarab draws strength from your injuries!
The water moccasin misses you.
No path to travel!
No path to travel!
Your blurry vision makes reading the scroll take longer!
The ice encasing you melts away.
Magic restored.
The death scarab closely misses you. The death scarab misses you.
The death scarab bites you!
* * * LOW HITPOINT WARNING * * *
The death scarab draws strength from your injuries!
The water moccasin completely misses you.
You begin reading the scroll.
You continue reading the scroll.
The death scarab bites you.
You die...

.# #. ## #######.### ###.#######
###### .. ........... ...........
...... . ....©.... ....©....
....©
#################################
.............8⌠8.................
.................................
##.###########.###########.######
y#.#...$©}zzz#.#@s≈.©).≈!#.#..(=©
y#.#.......zz#.#sS...≈.≈.#.#..##8
.#.#..#...#.z#.#H≈k...≈..#.#.##..
.#.#........z#.#.≈.≈≈≈.≈.#.#.#...
.#.#....©...z#.#≈..≈©≈.≈≈#.#....©
.#.#....z....#.#≈.≈...≈..#.#.#...
#.z.#..#.#.≈.≈≈.≈≈.#.#.##.. .
.........#.#.≈..≈..≈.#.#..##. .#
#.........#.#..≈≈...≈.#.#.....


You could see a hippogriff, a rime drake, 2 death scarabs, a water moccasin and
8 flying skulls.

Vanquished Creatures
  A centaur warrior (D:6)
  Pikel (D:5)
  A moth of wrath (Gauntlet)
  A manticore (shapeshifter) (Gauntlet)
  A black mamba (Lair:1)
  A komodo dragon (Lair:1)
  A tengu conjurer (D:7)
  Prince Ribbit (D:6)
  Sigmund (D:5)
  A crocodile (Lair:1)
  Menkaure (D:7)
  A water moccasin (D:7)
  4 porcupines (Lair:1)
  An ice beast (D:7)
  Duvessa (D:6)
  3 sky beasts
  3 orc warriors
  4 centaurs
  3 wolves (Gauntlet)
  An ogre (D:4)
  4 bullfrogs
  3 scorpions
  Dowan (D:6)
  A howler monkey (D:5)
  5 crimson imps
  2 hounds (D:7)
  3 orc wizards
  A centaur skeleton (D:7)
  5 orc priests
  A bullfrog skeleton (D:4)
  3 iguanas
  6 worker ants
  A killer bee zombie (D:7)
  6 gnolls
  5 adders
  2 shadow imps
  3 oozes
  An adder skeleton (D:6)
  2 adder zombies
  4 worms
  A dart slug (D:1)
  3 leopard geckos
  18 orcs
  4 bats
  2 giant cockroaches
  5 goblins
  8 hobgoblins
  7 jackals
  8 kobolds
  2 quokkas
  2 ball pythons (D:1)
  5 frilled lizards
  A jackal skeleton (D:4)
  9 rats
166 creatures vanquished.

Vanquished Creatures (others)
  An orc wizard (D:5)
  An orc (D:5)
  4 fungi (D:7)
  25 plants (Gauntlet)
31 creatures vanquished.

Grand Total: 197 creatures vanquished

Notes
Turn   | Place    | Note
-------+----------+-------------------------------------------
     0 | D:1      | Morbidden the Djinni Reaver began the quest for the Orb.
     0 | D:1      | Reached XP level 1. HP: 19/19 MP: 4/4
   351 | D:1      | Reached XP level 2. HP: 26/26 MP: 6/6
   911 | D:2      | Reached * piety under Vehumet
   911 | D:2      | Offered knowledge of Freeze by Vehumet.
   912 | D:2      | Reached XP level 3. HP: 29/33 MP: 7/7
  1293 | D:2      | Gained mutation: Your spells are harder to cast, but more
                  | powerful. [Djinni growth]
  1293 | D:2      | Gained mutation: You can translocate small distances at
                  | will. [Djinni growth]
  1293 | D:2      | Reached XP level 4. HP: 23/40 MP: 9/9
  1715 | D:2      | Learned a level 1 spell: Freeze
  1772 | D:3      | Learned a level 1 spell: Magic Dart
  1861 | D:3      | Reached skill level 1 in Armour
  1861 | D:3      | Reached XP level 5. HP: 24/47 MP: 0/10
  2174 | D:3      | Got a slimy wooden ring
  2194 | D:3      | Identified the ring "Gemautz" {Ice rElec Int-4 Dex+4} (You
                  | found it on level 3 of the Dungeon)
  2548 | D:3      | Reached skill level 1 in Ice Magic
  2818 | D:3      | Reached skill level 4 in Spellcasting
  3170 | D:4      | Reached XP level 6. HP: 27/53 MP: 5/12
  3260 | D:4      | Reached skill level 1 in Conjurations
  3272 | D:4      | Offered knowledge of Flame Tongue by Vehumet.
  3405 | D:4      | Noticed a sky beast
  3434 | D:4      | Killed a sky beast
  3434 | D:4      | Reached ** piety under Vehumet
  3479 | D:4      | Reached skill level 5 in Spellcasting
  3521 | D:4      | Reached XP level 7. HP: 60/60 MP: 9/15
  3779 | D:4      | Found a faded altar of an unknown god.
  3781 | D:4      | Found a staircase to the Ecumenical Temple.
  3827 | D:4      | Reached skill level 5 in Fighting
  3884 | D:4      | Reached skill level 6 in Spellcasting
  4139 | D:5      | Entered Level 5 of the Dungeon
  4169 | D:5      | Noticed Pikel
  4181 | D:5      | Killed Pikel
  4182 | D:5      | Reached skill level 7 in Spellcasting
  4182 | D:5      | Gained mutation: Your spells are much harder to cast, but
                  | much more powerful. [Djinni growth]
  4182 | D:5      | Reached XP level 8. HP: 53/69 MP: 11/19
  4505 | D:5      | Got a warped golden ring
  5010 | D:6      | Noticed Sigmund
  5017 | D:5      | Killed Sigmund
  5018 | D:5      | Reached skill level 1 in Short Blades
  5018 | D:5      | Reached skill level 8 in Spellcasting
  5058 | D:6      | Noticed a centaur warrior
  5398 | D:6      | Identified the ring "Honol" {Fire Str+2} (You found it on
                  | level 5 of the Dungeon)
  5441 | D:6      | Killed a centaur warrior
  5442 | D:6      | Reached skill level 5 in Dodging
  5442 | D:6      | Reached skill level 9 in Spellcasting
  5442 | D:6      | Reached XP level 9. HP: 33/75 MP: 17/22
  5562 | D:6      | Found Walicw Pyech's Distillery.
  5581 | D:6      | Bought a potion of magic for 70 gold pieces
  5581 | D:6      | Bought 2 potions of lignification for 84 gold pieces
  5581 | D:6      | Bought a potion of heal wounds for 70 gold pieces
  5649 | D:6      | Noticed Dowan
  5658 | D:6      | Killed Dowan
  5758 | D:6      | Noticed Prince Ribbit
  5760 | D:6      | Noticed Duvessa
  5822 | D:6      | Killed Duvessa
  5824 | D:6      | Killed Prince Ribbit
  5824 | D:6      | Offered knowledge of Inner Flame by Vehumet.
  6474 | D:7      | Reached skill level 10 in Spellcasting
  6500 | D:7      | Reached skill level 5 in Conjurations
  6525 | D:7      | Noticed a moth of wrath
  6529 | D:7      | Found a transporter.
  6529 | D:7      | Found a transporter.
  6535 | D:7      | Found a bloodstained altar of Trog.
  6535 | D:7      | Noticed pheathergobbo575's ghost (novice CeFi)
  6535 | D:7      | Noticed a two-headed ogre
  6547 | D:7      | Identified the +2 trident "Jabriuti" {protect, rN+ MR+}
  6990 | D:7      | Reached skill level 1 in Stealth
  7003 | D:7      | Learned a level 3 spell: Spider Form
  7018 | D:7      | Reached *** piety under Vehumet
  7201 | D:7      | Identified the amulet of Qudukah {RegenMP Dex+6}
  7333 | D:7      | Reached XP level 10. HP: 84/84 MP: 24/24
  7827 | D:7      | Noticed Menkaure
  7834 | D:7      | Killed Menkaure
  7891 | D:7      | Reached skill level 11 in Spellcasting
  7923 | D:7      | Offered knowledge of Throw Icicle by Vehumet.
  7929 | D:7      | Learned a level 4 spell: Throw Icicle
  7965 | D:7      | Found a staircase to the Lair.
  7969 | D:7      | Reached skill level 1 in Transmutations
  7982 | Lair:1   | Entered Level 1 of the Lair of Beasts
  8033 | Lair:1   | Noticed an oklob plant
  8079 | Lair:1   | Reached skill level 1 in Poison Magic
  8149 | Lair:1   | Learned a level 3 spell: Ozocubu's Armour
  8194 | Lair:1   | Noticed a black mamba
  8201 | Lair:1   | Killed a black mamba
  8289 | Lair:1   | Found a gate leading to a gauntlet.
  8303 | Gauntlet | Entered a Gauntlet
  8303 | Gauntlet | Found a transporter.
  8313 | Gauntlet | Noticed a moth of wrath
  8315 | Gauntlet | Found a transporter.
  8328 | Gauntlet | Found a transporter.
  8334 | Gauntlet | Found a transporter.
  8349 | Gauntlet | Found a transporter.
  8361 | Gauntlet | Noticed a smoke demon
  8369 | Gauntlet | Found a transporter.
  8369 | Gauntlet | Noticed an obsidian statue
  8380 | Gauntlet | Noticed a death scarab
  8381 | Gauntlet | Found a transporter.
  8381 | Gauntlet | Noticed a death scarab
  8393 | Gauntlet | Found a transporter.
  8405 | Gauntlet | Found a transporter.
  8417 | Gauntlet | Found a transporter.
  8417 | Gauntlet | Noticed a death drake
  8419 | Gauntlet | Found the +2 pair of boots of the Assassin {Detection Stab+
                  | Stlth++}
  8434 | Gauntlet | Found a transporter.
  8451 | Gauntlet | Found a transporter.
  8453 | Gauntlet | Found a transporter.
  8478 | Gauntlet | Found a transporter.
  8480 | Gauntlet | Found a transporter.
  8482 | Gauntlet | Found a transporter.
  8504 | Gauntlet | Found a transporter.
  8506 | Gauntlet | Found a transporter.
  8802 | Gauntlet | Noticed a manticore
  8812 | Gauntlet | Got a shimmering wooden ring
  8819 | Gauntlet | Identified the cursed ring of Ojyx {rCorr Int+2 Dex+5} (You
                  | found it in a Gauntlet)
  8831 | Gauntlet | Killed a manticore
  8832 | Gauntlet | Reached skill level 1 in Charms
  8895 | Gauntlet | Killed a moth of wrath
  8937 | Gauntlet | Got a fading hat
  8939 | Gauntlet | HP: 4/86 [death scarab (15)]
  8940 | Gauntlet | Slain by a death scarab

Skill      XL: |  1  2  3  4  5  6  7  8  9 10 |
---------------+-------------------------------+-----
Fighting       | 4 5 6 7 |  7.0
Long Blades    | 4 |  4.6
Armour         | 1 2 3 4 |  4.6
Ice Magic      | 1 2 3 4 |  4.7
Spellcasting   | 4 5 7 9 10 11 | 11.8
Conjurations   | 1 3 4 5 6 |  6.1
Dodging        | 4 5 6 |  6.5
Short Blades   | 1 2 |  2.6
Stealth        | 1 |  1.2
Transmutations | 2 |  2.1
Poison Magic   | 1 |  1.8
Charms         | 1 |  1.3
Unarmed Combat | |  0.2
Evocations     | |  0.2

Action                   |  1- 3 |  4- 6 |  7- 9 | 10-12 || total
-------------------------+-------+-------+-------+-------++-------
Melee: Long sword        |   120 |    38 |       |       ||   158
       Short sword       |       |    10 |   104 |    10 ||   124
       Unarmed           |       |       |     5 |    11 ||    16
 Cast: Magic Dart        |       |    82 |   176 |     7 ||   265
       Freeze            |       |    31 |    65 |    27 ||   123
       Spider Form       |       |       |     1 |       ||     1
       Throw Icicle      |       |       |       |    19 ||    19
 Abil: Blink             |       |     1 |       |       ||     1
       End Transformatio |       |       |       |     1 ||     1
Evoke: Wand              |       |       |     4 |       ||     4
  Use: Scroll            |     3 |     1 |    11 |     5 ||    20
       Potion            |       |       |     4 |     1 ||     5
  Eat: Chunk             |     4 |    11 |    10 |     1 ||    26
       Ration            |       |       |     2 |     1 ||     3
Armor: Steam dragon scal |    35 |    18 |    63 |    14 ||   130
       Skin              |       |       |       |     1 ||     1
Dodge: Dodged            |    81 |    48 |   103 |    72 ||   304
